Map: Port Aleksander LE

Players

Lambo - Winner!

  • Race: Zerg Zerg
  • League: Grandmaster
  • Spawn Location: 11:00

SoulSpirit

  • Race: Zerg Zerg
  • League: Master
  • Spawn Location: 5:00

VOD

Have the link to the VOD?

Description

Time

  • Played on: Dec. 26, 2018, 12:41 p.m.
  • Length: 7:56
Show
View Real Time Build Order
Export as new Build Order

Lambo Zerg - Winner!

Build Orders: Hatch First 

Get SALT Encoding   

  12  0:00  Drone  
  13  0:13  Overlord  
  13  0:18  Drone  
  14  0:31  Drone x2  
  16  0:49  Hatchery  
  15  0:52  Drone  
  15  0:56  Drone  
  17  0:59  Drone  
  18  1:10  Extractor  
  17  1:14  Spawning Pool  
  17  1:18  Drone  
  17  1:21  Drone  
  18  1:28  Drone  
  19  1:40  Drone  
  20  1:56  Drone  
  21  2:01  Queen x2  
  21  2:04  Overlord, Drone  
  26  2:10  Metabolic Boost  
  26  2:12  Zergling x2  
  26  2:13  Drone  
  28  2:23  Drone x2  
  30  2:34  Zergling x4  
  32  2:41  Hatchery  
  31  2:44  Drone  
  32  2:52  Baneling Nest  
  32  2:53  Drone  
  32  2:56  Overlord  
  32  2:58  Drone  
  33  3:05  Drone x2  
  33  3:11  Zergling x2  
  35  3:16  Drone x2  
  35  3:17  Drone  
  37  3:23  Zergling x2  
  37  3:26  Drone x2  
  40  3:29  Evolution Chamber  
  40  3:30  Drone x2  
  41  3:34  Queen  
  41  3:38  Overlord  
  41  3:41  Baneling x2  
  43  3:45  Baneling x2  
  43  3:52  Overlord  
  43  3:54  Zergling x10  
  48  4:01  Drone x3  
  48  4:02  Drone  
  52  4:04  Drone  
  52  4:06  Drone  
  52  4:08  Baneling x2  
  54  4:13  Drone  
  54  4:17  Extractor x2, Drone x2  
  53  4:18  Drone x3  
  53  4:20  Drone  
  53  4:21  Drone  
  59  4:27  Drone x3  
  59  4:28  Zerg Missile Weapons Level 1  
  59  4:30  Drone  
  63  4:33  Overlord  
  63  4:39  Drone x2  
  65  4:46  Drone  
  65  4:47  Roach Warren  
  65  4:51  Overlord, Drone x2  
  65  4:52  Drone x2  
  69  4:55  Drone x2  
  69  4:57  Drone  
  69  4:58  Drone  
  72  5:00  Lair  
  72  5:04  Drone x2  
  74  5:10  Pneumatized Carapace  
  74  5:12  Extractor  
  74  5:13  Extractor x2, Drone x2  
  74  5:14  Drone x2  
  75  5:18  Drone x2  
  75  5:21  Drone x3  
  78  5:22  Drone x3  
  81  5:36  Overlord  
  81  5:37  Overlord  
  81  5:40  Overlord  
  81  5:41  Overlord  
  80  5:50  Hatchery  
  80  5:55  Roach x5  
  89  6:00  Spire, Glial Reconstitution  
  89  6:01  Evolution Chamber  
  89  6:02  Baneling x2  
  89  6:03  Overseer  
  87  6:06  Roach x4  
  87  6:10  Overlord  
  95  6:11  Overlord  
  95  6:13  Roach x2  
  95  6:17  Overlord  
  99  6:24  Roach x4  
  107  6:31  Overlord  
  107  6:38  Overlord  
  107  6:40  Overlord  
  107  6:41  Overlord  
  107  6:43  Roach x3  
  113  6:51  Roach x2  
  113  6:52  Roach x4  
  113  6:54  Roach  
  127  7:01  Roach x3  
  127  7:02  Roach  
  133  7:15  Mutalisk x4  
  141  7:20  Mutalisk  
  143  7:36  Roach x10  
Show
View Real Time Build Order
Export as new Build Order

SoulSpirit Zerg 

Build Orders: Hatch First 

Get SALT Encoding   

  12  0:00  Drone  
  13  0:13  Overlord  
  13  0:17  Drone  
  14  0:31  Drone  
  14  0:32  Drone  
  16  0:51  Hatchery  
  16  0:53  Drone  
  16  0:56  Drone  
  17  1:00  Drone  
  18  1:10  Extractor  
  17  1:16  Spawning Pool  
  16  1:19  Drone  
  16  1:23  Drone  
  18  1:29  Drone  
  19  1:42  Drone  
  20  1:54  Overlord  
  20  2:03  Queen x2  
  20  2:04  Zergling x4  
  26  2:11  Metabolic Boost  
  26  2:13  Drone  
  27  2:16  Drone  
  28  2:23  Drone  
  28  2:26  Drone  
  30  2:34  Drone  
  31  2:42  Hatchery  
  30  2:45  Drone  
  30  2:49  Drone  
  32  2:54  Baneling Nest  
  32  2:57  Drone  
  32  3:01  Overlord  
  32  3:06  Drone x2  
  34  3:19  Zergling x10  
  38  3:21  Zergling x2  
  38  3:24  Overlord  
  38  3:26  Zergling x2  
  40  3:30  Zergling x2  
  40  3:37  Drone  
  40  3:40  Baneling  
  41  3:43  Queen  
  41  3:45  Drone  
  44  3:50  Drone  
  44  3:51  Baneling x2  
  44  3:52  Drone  
  44  3:53  Drone x2  
  48  4:01  Drone x2  
  48  4:07  Drone  
  48  4:08  Drone x2  
  48  4:09  Drone x2  
  53  4:19  Drone x3  
  53  4:20  Evolution Chamber  
  53  4:26  Drone x4  
  53  4:30  Overlord, Extractor  
  56  4:31  Extractor  
  56  4:37  Roach Warren, Drone x2  
  56  4:38  Overlord  
  56  4:45  Lair  
  56  4:48  Zerg Missile Weapons Level 1  
  56  4:53  Drone x6  
  61  5:02  Drone x5  
  61  5:03  Drone  
  67  5:07  Drone x2  
  67  5:12  Overlord  
  67  5:14  Drone x2  
  70  5:26  Extractor  
  70  5:27  Extractor  
  70  5:28  Baneling  
  67  5:30  Drone  
  67  5:31  Extractor, Drone x3  
  67  5:35  Pneumatized Carapace  
  70  5:36  Zergling x8  
  74  5:45  Hatchery  
  74  5:47  Glial Reconstitution  
  73  5:51  Drone x5  
  78  6:03  Drone  
  79  6:04  Overlord  
  79  6:05  Evolution Chamber  
  79  6:07  Overseer  
  79  6:09  Roach x2  
  79  6:10  Overlord x2  
  82  6:21  Overlord  
  82  6:24  Roach x4  
  90  6:28  Roach  
  90  6:29  Roach x5  
  90  6:32  Roach  
  103  6:36  Roach  
  103  6:38  Overlord  
  105  6:46  Overlord  
  105  6:51  Roach x5  
  105  6:53  Overlord  
  113  6:54  Baneling x4  
  113  6:56  Roach x4  
  113  7:00  Drone x2  
  112  7:04  Roach  
  114  7:13  Roach x2  
  114  7:14  Roach x3  
  114  7:15  Drone  
  125  7:18  Drone x3  
  126  7:23  Drone x3  
  129  7:34  Roach x4, Hydralisk Den  
  136  7:43  Drone  
  136  7:50  Spore Crawler x2  
  134  7:53  Spore Crawler  
Tags
 
Add a new tag
Caveats
  • Supply blocks, unpowered buildings, or Contaminate may cause inaccurate times.
  • Supply counts are checked every 10 seconds.